 Dungeon Crawl Stone Soup version 0.30-a0-916-g9813417 (webtiles) character file.

Game seed: 5817084891217211323

1552 Think the Nimble (level 8, 0/52 HPs)
             Began as an Octopode Fighter on Mar 21, 2023.
             Succumbed to a water moccasin's poison
             ... on level 7 of the Dungeon.
             The game lasted 00:16:24 (6204 turns).

Think the Nimble (Octopode Fighter)                 Turns: 6204, Time: 00:16:24

Health: 0/52       AC:  1    Str: 16      XL:     8   Next: 88%
Magic:  8/8        EV: 17    Int:  7 (8)  God:
Gold:   421        SH:  5    Dex: 13      Spells: 6/7 levels left

rFire   . . .      SeeInvis .    a - +1 long sword
rCold   . . .      Faith    .    b - +1 buckler
rNeg    . . .      Spirit   .    (helmet restricted)
rPois   .          Reflect  .    (no amulet)
rElec   .          Rampage  .    c - ring of willpower
rCorr   .                        (no ring)
Will    +....                    (no ring)
Stlth   +                        (no ring)
HPRegen 1.08/turn                (no ring)
MPRegen 0.11/turn                (no ring)
                                 (no ring)
                                 (no ring)

@: lethally poisoned (0 -> -1), silenced, invisible
A: almost no armour, amphibious, 8 rings, camouflage 1, gelatinous body 1,
(nimble swimmer 1), tentacles, dopey 1, regeneration 1
a: no special abilities


You were on level 7 of the Dungeon.
You visited 2 branches of the dungeon, and saw 8 of its levels.

You collected 421 gold pieces.

Inventory:

Hand Weapons
 a - a +1 long sword (weapon)
Armour
 b - a +1 buckler (worn)
Jewellery
 c - a ring of willpower (left tentacle)
Wands
 j - a wand of paralysis (23)
Scrolls
 d - 5 scrolls of identify
 h - 2 scrolls of amnesia
 i - 2 scrolls of teleportation
 k - a scroll of poison
 l - 2 scrolls of blinking
 n - a scroll of fog
Potions
 g - 2 potions of brilliance


   Skills:
 - Level 3.0 Fighting
 - Level 2.0 Long Blades
 + Level 11.2 Dodging
 - Level 3.0 Shields


You had 6 spell levels left.
You knew the following spells:

 Your Spells              Type           Power      Damage    Failure   Level
a - Foxfire               Conj/Fire      0%         2x1d4     52%         1

Your spell library contained the following spells:

 Spells                   Type           Power      Damage    Failure   Level
 Freeze                   Ice            0%         1d3       52%         1
 Magic Dart               Conj           0%         1d3       52%         1
 Call Imp                 Summ           0%         N/A       67%         2
 Ensorcelled Hibernation  Hex/Ice        0%         N/A       67%         2
 Lesser Beckoning         Tloc           0%         N/A       67%         2
 Passwall                 Tmut/Erth      0%         N/A       67%         2
 Searing Ray              Conj           0%         2d4       67%         2
 Frozen Ramparts          Ice            0%         1d1       88%         3
 Gell's Gravitas          Tloc           0%         N/A       88%         3
 Hailstorm                Conj/Ice       0%         3d3       88%         3
 Mephitic Cloud           Conj/Pois/Air  0%         N/A       88%         3
 Swiftness                Air            0%         N/A       88%         3
 Teleport Other           Tloc           0%         N/A       88%         3
 Fulminant Prism          Conj/Hex       0%         3d5       99%         4
 Fireball                 Conj/Fire      0%         3d3       100%        5
 Starburst                Conj/Fire      0%         6d3       100%        6


Dungeon Overview and Level Annotations

Branches:
Dungeon (7/15)             Temple (1/1) D:7

Altars:
Ashenzari
Cheibriados
Dithmenos
Fedhas
Gozag
Hepliaklqana
Kikubaaqudgha
Makhleb
Nemelex Xobeh
Okawaru
Qazlal
Ru
Sif Muna
Trog
Uskayaw
Vehumet
Wu Jian
Xom
Yredelemnul
Zin
The Shining One

Shops:
D:3 !


Innate Abilities, Weirdness & Mutations

You cannot wear most types of armour.
You are amphibious.
You can wear up to eight rings at the same time.
Your skin changes colour to match your surroundings (Stealth+).
Your rubbery body absorbs attacks. (AC +1, EV +1)
((You are camouflaged when in or above water. (Stealth+)))
You have tentacles for arms and can constrict up to eight enemies at once.
You are dopey. (Int -2)
Your natural rate of healing is unusually fast.


Message History

You barely miss something. Something barely misses you.
You miss something.
A sky beast appears from thin air!
Reactivating autopickup.
The sky beast hits you. The sky beast shocks you.
Okay, then.
As you read the scroll of silence, it crumbles to dust.
A profound silence engulfs you. The sky beast hits you.
The sky beast shocks you.
* * * LOW HITPOINT WARNING * * *
You hit the sky beast but do no damage. The sky beast hits you.
* * * LOW HITPOINT WARNING * * *
The sky beast shocks you.
* * * LOW HITPOINT WARNING * * *
The sky beast flickers out of sight!
Deactivating autopickup; reactivate with Ctrl-A.
Something hits you.
* * * LOW HITPOINT WARNING * * *
Something shocks you.
* * * LOW HITPOINT WARNING * * *
Magic scrolls do not work when you're silenced!
You fade into invisibility!
The kobold throws a stone.
The stone hits the kobold brigand.
You block something's attack. You block the water moccasin's attack.
The kobold brigand throws a poisoned dart.
You block the poisoned dart.
A sky beast appears from thin air!
Reactivating autopickup.
The water moccasin bites you.
* * * LOW HITPOINT WARNING * * *
You are lethally poisoned!
The water moccasin poisons you!
Okay, then.
Magic scrolls do not work when you're silenced!
There is a lethal amount of poison in your body!
There is a lethal amount of poison in your body!
There is a lethal amount of poison in your body!
* * * LOW HITPOINT WARNING * * *
You feel very sick.
You die...

......#.# #.#....!. #.....#
#########...#.#K#
#.....###....KK.K.#.#.K.#
#.........K.#####.#.#..## #.
#......##.#.#####.#.K..# #.#
#......##Y#..........K.## #.#
#.#.##.#S....#########..# ##.## #
#. #...#...#.......#..# ###...#
#.##.#@!...#.......#... ......###
#.......#..#.......#.##
#.......#.#.......#......_...#)#
#...#.<.#............#.......#.#
#..###..###..........#.......#.##
###.#...###......###.#.......#..#
#.............## #.####^####..#
####..####.#..# ##............#
#..# #.#..###..........##.#


You could see a water moccasin (unable to see you), a sky beast (unable to see
you) and a kobold brigand (unable to see you).

Vanquished Creatures
  A troll (D:6)
  A water moccasin (D:6)
  A sky beast (D:6)
  2 ogres
  2 phantoms
  A centaur (D:6)
  A bullfrog (D:7)
  A scorpion (D:4)
  An orc priest (D:7)
  4 hounds
  A sleepcap (D:4)
  3 iguanas
  5 orc wizards
  Robin (D:3)
  6 adders
  3 river rats (D:3)
  A shadow imp (D:4)
  3 white imps
  2 dart slugs (D:3)
  20 orcs
  6 endoplasms
  5 giant cockroaches
  11 goblins
  9 hobgoblins
  6 jackals
  6 quokkas
  12 ball pythons
  3 bats
  A frilled lizard (D:3)
  9 kobolds
  9 rats
137 creatures vanquished.

Vanquished Creatures (others)
  35 foxfires
35 creatures vanquished.

Grand Total: 172 creatures vanquished

Notes
Turn   | Place    | Note
-------+----------+-------------------------------------------
     0 | D:1      | Think the Octopode Fighter began the quest for the Orb.
     0 | D:1      | Reached XP level 1. HP: 16/16 MP: 1/1
   118 | D:1      | Reached XP level 2. HP: 21/21 MP: 2/2
   256 | D:1      | Reached skill level 4 in Dodging
   333 | D:1      | Reached XP level 3. HP: 26/26 MP: 3/3
   549 | D:1      | Found a faded altar of an unknown god.
   890 | D:2      | Reached XP level 4. HP: 31/31 MP: 4/4
  1462 | D:3      | Reached skill level 5 in Dodging
  1735 | D:3      | Reached XP level 5. HP: 33/36 MP: 5/5
  1858 | D:3      | Found Zocafasa's Distillery.
  2028 | D:3      | Noticed Robin
  2053 | D:3      | Killed Robin
  2359 | D:3      | Found an iron altar of Okawaru.
  2416 | D:3      | Found a broken altar of Ashenzari.
  2529 | D:3      | Reached skill level 6 in Dodging
  2707 | D:4      | Learned a level 1 spell: Foxfire
  2813 | D:4      | Reached XP level 6. HP: 41/42 MP: 6/6
  2974 | D:4      | Found a blossoming altar of Fedhas.
  3032 | D:4      | Found a basalt altar of Yredelemnul.
  3536 | D:5      | Entered Level 5 of the Dungeon
  3608 | D:4      | Reached skill level 7 in Dodging
  3779 | D:4      | Gained mutation: You are dopey. (Int -2) [potion of
                  | mutation]
  3779 | D:4      | Gained mutation: Your natural rate of healing is unusually
                  | fast. [potion of mutation]
  3967 | D:5      | Reached XP level 7. HP: 16/46 MP: 1/7
  4108 | D:5      | Reached skill level 8 in Dodging
  4609 | D:5      | Found a stormy altar of Qazlal.
  4714 | D:6      | Reached skill level 9 in Dodging
  4831 | D:6      | Found a hazy altar of Hepliaklqana.
  4956 | D:6      | Reached XP level 8. HP: 48/52 MP: 8/8
  4978 | D:6      | Found a glowing golden altar of the Shining One.
  5062 | D:6      | Noticed a troll
  5276 | D:6      | Reached skill level 10 in Dodging
  5518 | D:6      | Killed a troll
  5733 | D:7      | Reached skill level 11 in Dodging
  5840 | D:7      | Found a burning altar of Makhleb.
  5896 | D:7      | Found a staircase to the Ecumenical Temple.
  5920 | Temple   | Entered the Ecumenical Temple
  6194 | D:7      | HP: 1/52 [something (5)]
  6203 | D:7      | HP: 1/52 [poisoned by a water moccasin]
  6204 | D:7      | Succumbed to a water moccasin's poison

Illustrated notes

Levels and vault maps discovered:
D:1:      psy_arrival_whirlpool, layout_loops_ring,
          dilly_ecumenical_altar_fadedgnrine, minmay_tetromino_t4
D:2:      layout_basic
D:3:      layout_loops_ring, mainiacjoe_overflow_two_lobes,
          portal_sewer_entry_b, serial_shops, shop_statue, uniq_robin
D:4:      layout_basic, mainiacjoe_overflow_alcove_4, lemuel_crystal_altar,
          minmay_small_thing
D:5:      layout_rooms, grunt_qazlal_clouds, minmay_diced_spiral
D:6:      layout_loops_ring, mainiacjoe_overflow_surrounded_room,
          nicolae_tso_swordbearing_angel
D:7:      layout_loops_ring, lemuel_tele_altar, minmay_temple_entry_slanted
Temple:   nicolae_temple_figure_eight

Skill      XL: |  1  2  3  4  5  6  7  8 |
---------------+-------------------------+-----
Dodging        | 4 5 6 7 9 11 | 11.2
Fighting       | |  3.0
Long Blades    | |  2.0
Shields        | |  3.0

Action                     |  1- 3 |  4- 6 |  7- 9 || total
---------------------------+-------+-------+-------++-------
  Melee: Long sword        |    65 |   161 |   115 ||   341
         Constrict         |    13 |    32 |    20 ||    65
         Tentacles         |     6 |    34 |    29 ||    69
         Punch             |       |     5 |     3 ||     8
   Cast: Foxfire           |       |    22 |     6 ||    28
  Evoke: Wand              |       |       |     4 ||     4
    Use: Potion            |       |     5 |     6 ||    11
         Scroll            |       |     9 |     4 ||    13
   Stab: Sleeping          |     6 |    11 |     3 ||    20
         Distracted        |       |       |     1 ||     1
         Paralysed         |       |       |    10 ||    10
 Armour: Skin              |     6 |     6 |     5 ||    17
  Dodge: Dodged            |    41 |    96 |    90 ||   227
  Block: Buckler           |    13 |    33 |    26 ||    72

Table legend: (Time is in decaauts)
 A = Elapsed time spent in this place.
 B = Non-inter-level travel time spent in this place.
 C = Inter-level travel time spent in this place.
 D = Time resting spent in this place.
 E = Time spent auto-exploring this place.
 F = Levels seen in this place.
 G = Mean time per level.
                   A        B        C        D        E       F      G
               +--------+--------+--------+--------+--------+-----+--------+
         Total |   6328 |   6113 |    215 |    514 |   4310 |   8 |  791.0 |
       Dungeon |   6107 |   5918 |    189 |    514 |   4120 |   7 |  872.4 |
        Temple |    220 |    194 |     26 |      0 |    190 |   1 |  220.0 |
               +--------+--------+--------+--------+--------+-----+--------+

Top non-repeatable levels by time:
     D:3: 1246 daAuts
     D:4: 1200 daAuts
     D:6: 1028 daAuts
     D:2: 894 daAuts
     D:5: 876 daAuts
     D:1: 591 daAuts
     D:7: 269 daAuts
  Temple: 220 daAuts
